 Dungeon Crawl Stone Soup version 0.28.0-45-g0d030f2227 (webtiles) character file.

Game seed: 11142804088746429737

235 NinjaNoafa the Skirmisher (level 6, -2/56 HPs)
             Began as a Hill Orc Fighter on Apr 4, 2022.
             Was a Believer of Trog.
             Slain by a gnoll
             ... wielding a +0 spear
              (7 damage)
             ... on level 4 of the Dungeon.
             The game lasted 00:08:50 (3085 turns).

NinjaNoafa the Skirmisher (Hill Orc Fighter)        Turns: 3085, Time: 00:08:53

Health: -2/56      AC: 12    Str: 21    XL:     6   Next: 6%
Magic:  6/6        EV:  4    Int: 14    God:    Trog [**....]
Gold:   136        SH:  0    Dex: 10    Spells: 5/5 levels left

rFire   + . .      SeeInvis .   a - +0 war axe
rCold   x . .      Faith    .   c - +0 buckler
rNeg    . . .      Spirit   .   m - +0 chain mail
rPois   .          Reflect  .   g - +0 helmet
rElec   .          Harm     .   (no cloak)
rCorr   .          Rampage  .   v - +0 pair of gloves
Will    .....                   (no boots)
Stlth   ..........              (no amulet)
HPRegen 0.18/turn               i - +6 ring of intelligence
MPRegen 0.10/turn               s - ring of fire

@: on berserk cooldown, held
A: no striking features
a: Renounce Religion, Berserk, Trog's Hand


You were on level 4 of the Dungeon.
You worshipped Trog.
Trog was pleased with you.
You visited 1 branch of the dungeon, and saw 4 of its levels.

You collected 136 gold pieces.

Inventory:

Hand Weapons
 a - a +0 war axe (weapon)
Missiles
 e - 114 stones
 o - 3 boomerangs
 q - 2 poisoned darts (quivered)
Armour
 b - a +0 scale mail
 c - a +0 buckler (worn)
 g - a +0 helmet (worn)
 m - a +0 chain mail (worn)
 v - a +0 pair of gloves (worn)
Jewellery
 i - a +6 ring of intelligence (left hand)
 s - a ring of fire (right hand)
Wands
 r - a wand of charming (2)
Scrolls
 f - 3 scrolls of teleportation
 h - a scroll of summoning {unknown}
 j - 3 scrolls of immolation {unknown}
 n - a scroll of enchant weapon {unknown}
 t - a scroll of identify {unknown}
 u - a scroll of fog {unknown}
Potions
 l - a potion of curing {unknown}
 p - a potion of mutation {unknown}


   Skills:
 * Level 5.2 Fighting
 + Level 4.2 Axes
 * Level 4.8 Armour
 + Level 4.4 Shields


You had 5 spell levels left.
You didn't know any spells.
Your spell library was empty.

Dungeon Overview and Level Annotations

Branches:
Dungeon (4/15)
 Temple: D:4-7

Altars:
Cheibriados
Kikubaaqudgha
Trog

Annotations:
D:3 1 transporter


Message History

You kill the endoplasm!
Trog accepts your kill.
You closely miss the jackal. You slash the gnoll! You hit Robin.
You block the jackal's attack. Robin barely misses you.
The gnoll hits you but does no damage. You block the jackal's attack.
The gnoll hits you but does no damage. Robin hits you but does no damage.
The gnoll closely misses you.
The jackal bites you but does no damage.
The gnoll hits you but does no damage.
You closely miss Robin.
Robin is almost dead.
You barely miss the jackal. You hit the gnoll.
You kill the gnoll!
Trog accepts your kill.
The jackal bites you but does no damage.
Robin hits you but does no damage. The gnoll completely misses you.
The jackal barely misses you. Robin barely misses you.
You block the gnoll's attack. The gnoll hits you but does no damage.
The jackal barely misses you.
You have reached level 6!
You slash Robin!
You kill Robin!
Trog accepts your kill.
You slash the jackal!
You kill the jackal!
Trog accepts your kill.
You completely miss the gnoll.
The gnoll hits you from afar with a +0 spear.
* * * LOW HITPOINT WARNING * * *
The gnoll hits you with a +0 whip.
* * * LOW HITPOINT WARNING * * *
The gnoll throws a throwing net.
The throwing net hits you.
You become entangled in the net!
The gnoll hits you but does no damage.
It was a potion of cancellation.
Your magical effects are unravelling.
You feel magically purged.
You feel yourself speed up.
You feel a little less mighty now.
The gnoll hits you but does no damage. x2
The gnoll hits you from afar with a +0 spear!
You die...

...... ......
....## .....# . #
#.#..# ...
#.#.#..#
....#.#)#.<#####
......g)).........
......)@....>##..#
#..##g#)#..#.# .
............
............##.
...........#.# .
##.#..##.#.....
..#.. .#..... ..#
.. ...


You could see 2 gnolls.

Vanquished Creatures
  Blork the orc (D:4)
  Robin (D:4)
  4 gnolls
  An adder (D:3)
  A worm (D:2)
  5 dart slugs
  5 orcs (D:3)
  A bat (D:2)
  10 endoplasms
  3 giant cockroaches
  10 goblins
  8 hobgoblins
  10 jackals
  2 quokkas (D:2)
  6 ball pythons
  6 frilled lizards
  2 kobolds
  6 rats
82 creatures vanquished.

Vanquished Creatures (others)
  2 plants (D:3)
  7 withered plants (D:3)
9 creatures vanquished.

Grand Total: 91 creatures vanquished

Notes
Turn   | Place    | Note
-------+----------+-------------------------------------------
     0 | D:1      | NinjaNoafa the Hill Orc Fighter began the quest for the
                  | Orb.
     0 | D:1      | Reached XP level 1. HP: 19/19 MP: 1/1
   165 | D:1      | Reached XP level 2. HP: 22/27 MP: 2/2
   781 | D:2      | Reached skill level 4 in Fighting
   781 | D:2      | Reached XP level 3. HP: 31/33 MP: 3/3
  1005 | D:2      | Reached XP level 4. HP: 30/40 MP: 4/4
  1484 | D:2      | Found a faded altar of an unknown god.
  1490 | D:2      | Prayed at the altar of an unknown god.
  1490 | D:2      | Became a worshipper of Trog the Wrathful
  1490 | D:2      | Reached * piety under Trog
  1814 | D:3      | Found an ancient bone altar of Kikubaaqudgha.
  1910 | D:3      | Found a snail-covered altar of Cheibriados.
  2004 | D:3      | Found a transporter.
  2020 | D:3      | Found a transporter.
  2335 | D:3      | Noticed a kobold demonologist
  2346 | D:3      | Noticed a rust devil
  2990 | D:3      | Reached XP level 5. HP: 44/47 MP: 5/5
  3057 | D:4      | Noticed Blork the orc
  3062 | D:4      | Noticed Robin
  3080 | D:4      | Killed Blork the orc
  3080 | D:4      | Reached ** piety under Trog
  3081 | D:4      | Reached skill level 5 in Fighting
  3084 | D:4      | Reached XP level 6. HP: 8/56 MP: 6/6
  3084 | D:4      | Killed Robin
  3085 | D:4      | Slain by a gnoll

Illustrated notes

Levels and vault maps discovered:
D:1:      dpeg_arrival_court, layout_loops_ring
D:2:      layout_loops_ring, ebering_ecumenical_altar_sacrificial
D:3:      gammafunk_wand_slinger, layout_basic, kiku_gazebo_garden_becter,
          mainiacjoe_overflow_concentric_impassable
D:4:      layout_basic, nzn_hepliaklqana_mist_gate, minmay_temple_entry_ruins,
          uniq_robin, uniq_blork_the_orc, uniq_pikel, uniq_ijyb

Skill      XL: |  1  2  3  4  5 |
---------------+----------------+-----
Axes           | 3 4 |  4.2
Fighting       | 4 5 |  5.2
Armour         | 4 |  4.8
Shields        | 4 |  4.4

Action                   |  1- 3 |  4- 6 || total
-------------------------+-------+-------++-------
Melee: War axe           |    74 |   126 ||   200
Invok: Berserk           |       |     1 ||     1
Evoke: Wand              |       |     1 ||     1
  Use: Potion            |       |     3 ||     3
       Scroll            |       |     1 ||     1
Armor: Scale mail        |    44 |    17 ||    61
       Chain mail        |       |    82 ||    82
Dodge: Dodged            |    49 |    55 ||   104
Block: Buckler           |    23 |    38 ||    61
